Cogmind - Beta 13 @@@ ROGUE MODE // 2024.05.16 @ 00:19:53 Player: CatPlusPlus Result: Destroyed by H-88 Terminator with Heavy Machine Gun Performance ------------- Evolutions (8) 4000 Regions Visited (14) 2800 Robots Destroyed (241) 1205 Value Destroyed (8784) 8784 Prototype IDs (53) 1060 Alien Tech Used (2) 400 Bonus (5472) 5472 TOTAL SCORE: 23721 Bonus ------- High Alert Combat Kills 68 Follower Combat Kills 265 Entered Garrisons 200 Used RIF Installer 500 Aligned with FarCom 300 Used Core Reset Matrix 3000 Scanned by Researcher 500 Met Sigix 2000 Friendly Fire -1361 Cogmind --------- Core Integrity 0/1450 Matter 216/300 Energy 34/100 System Corruption 2% Temperature Cool (4) Movement Walking (120) Location -2/Research Parts ------- > --- POWER (2) -------- (None) > --- PROPULSION (7) --- Centrium Leg Centrium Leg Compact Wheel > --- UTILITY (10) ----- Medium Storage Unit Advanced Targeting Computer Improved Corruption Screen Improved Corruption Screen Improved Corruption Screen Improved Corruption Screen > --- WEAPON (4) ------- (None) > --- INVENTORY (10) --- Myomer Leg Compact Wheel Advanced Heat Sink Phase Gun KE Penetrator Sigix Containment Pod Peak State ------------ > --- POWER ------------ Light Antimatter Reactor Particle Reactor > --- PROPULSION ------- Armored Medium Treads Flexi-carbon Leg Flexi-carbon Leg Flexi-carbon Leg Myomer Leg Myomer Leg Myomer Leg > --- UTILITY ---------- Advanced Heat Sink Experimental Coolant Injector Medium Storage Unit Quantum Shading Machine Phase Armor Experimental Thermal Shield Improved Force Field > --- WEAPON ----------- Plasma Rifle Quantum Rifle Compact HERF Cannon Enhanced Force Lance > --- INVENTORY -------- Myomer Leg Advanced Heat Sink Stasis Canceller Firepult XL Autogun Array Heavy Rocket Launcher [Rating: 161] Favorites ----------- Power Light Nuclear Core Engine Light Deuterium Engine Power Core Light Nuclear Core Reactor Particle Reactor Propulsion Light Treads Treads Light Treads Leg Myomer Leg Wheel Armored Wheel Hover Unit Improved Linear Gravjet Flight Unit Cooled VTOL Module Utility Huge Storage Unit Device Advanced Heat Sink Storage Huge Storage Unit Processor Improved Corruption Screen Hackware Relay Coupler [NC] Protection Light Armor Plating Artifact Phase Armor Weapon Beam Cannon Energy Gun Heavy Particle Gun Energy Cannon Beam Cannon Ballistic Gun XL Autogun Subcomponent Ballistic Cannon Slug Cannon Launcher Micro-nuke Launcher Special Weapon Plasma Cutter Impact Weapon Heavy Flail Slashing Weapon Great Axe Piercing Weapon Enhanced Force Lance Special Melee Weapon Datajack Build | -11 -10 -10 -10 -9 -8 -8 -8 -7 -6 -5 -4 -3 -3 -2 ------- Run | Yrd Mat Min Exi Min Mat Gar Mat Fac Fac Fac Fac Res Qua Res Slots Evolved 16 | . . . . . 4 . . 2 2 2 2 2 . 2 Power 1 | . . . . . . . . . . . . 1 . . Propulsion 5 | . . . . . 2 . . 1 1 . 1 . . . Utility 8 | . . . . . 2 . . 1 . 2 1 . . 2 Weapon 2 | . . . . . . . . . 1 . . 1 . . Parts Attached 320 | 8 42 8 3 3 48 5 16 8 3 2 7 31 70 66 Power 28 | 1 1 . . . 7 . 3 1 1 . . 4 3 7 Engine 6 | 1 . . . . 3 . 1 . . . . . . 1 Core 10 | . 1 . . . 4 . 2 1 1 . . 1 . . Reactor 12 | . . . . . . . . . . . . 3 3 6 Propulsion 76 | 2 5 1 . 1 14 2 5 1 1 . 1 8 18 17 Treads 31 | 2 2 1 . 1 9 . 1 . . . . 7 1 7 Leg 23 | . . . . . . . . . . . . 1 17 5 Wheel 10 | . 3 . . . 3 2 . . . . . . . 2 Hover 3 | . . . . . . . . . . . . . . 3 Flight 9 | . . . . . 2 . 4 1 1 . 1 . . . Utility 112 | 2 21 4 1 1 9 . 4 6 . 2 3 9 23 27 Device 72 | 1 15 2 . . 7 . . 3 . 1 3 5 18 17 Storage 10 | 1 2 . . . . . 2 1 . . . . 2 2 Processor 10 | . . . . . . . . 1 . . . 1 1 7 Hackware 3 | . . . . . . . . . . 1 . 2 . . Protection 16 | . 4 2 1 1 2 . 2 1 . . . 1 1 1 Artifact 1 | . . . . . . . . . . . . . 1 . Weapon 104 | 3 15 3 2 1 18 3 4 . 1 . 3 10 26 15 Energy Gun 23 | 2 . 1 . . 7 1 2 . . . . 1 7 2 Energy Cannon 29 | . 4 . 1 . 4 . . . . . . 5 11 4 Ballistic Gun 18 | 1 2 . . . 2 1 . . . . . 3 3 6 Ballistic Cannon 3 | . . . . 1 2 . . . . . . . . . Launcher 9 | . 3 . 1 . . . . . . . 1 . 1 3 Special Weapon 2 | . . . . . . . . . 1 . . . 1 . Impact Weapon 4 | . 1 1 . . . 1 1 . . . . . . . Slashing Weapon 2 | . . . . . . . . . . . 2 . . . Piercing Weapon 4 | . . . . . . . . . . . . 1 3 . Special Melee Weapon 10 | . 5 1 . . 3 . 1 . . . . . . . Unidentified Prototypes 18 | . . . . . 7 . 1 . . . . 1 7 2 Corrupted Parts 2 | . . . . . . . . . . . . 2 . . System Corruption 6 | . . . . . . . . . . . . 6 . . Parts Lost 110 | . . . . . 3 1 1 . . . 6 14 21 64 Power 12 | . . . . . . . . . . . 1 1 2 8 Propulsion 34 | . . . . . . . . . . . . 7 8 19 Utility 42 | . . . . . 2 . 1 . . . 4 3 9 23 Weapon 22 | . . . . . 1 1 . . . . 1 3 2 14 Highest Loss Streak 17 | . . . . . 1 1 1 . . . 6 6 7 17 To Critical Strikes . | . . . . . . . . . . . . . . . Average Slot Usage (%) 92 | . 99 99 100 100 95 99 99 100 100 96 91 57 89 65 Engine 2 | . 5 . . . 4 9 3 . . . . . . . Core 6 | . 8 14 14 14 4 . 5 6 6 5 4 . . . Reactor 1 | . . . . . . . . . . . . 3 8 4 Treads 15 | . 17 14 14 14 26 21 8 . . . . 11 7 6 Leg 2 | . . . . . . . . . . . . . 20 8 Wheel 8 | . 10 14 14 14 8 14 24 . . . . . . 1 Flight 2 | . . . . . . . 3 38 40 35 31 6 . . Device 11 | . 9 . . . 14 27 19 15 13 13 19 8 23 9 Storage 9 | . 14 14 14 14 9 9 9 7 6 5 5 4 4 4 Processor 1 | . . . . . . . . 7 6 5 4 1 1 13 Protection 6 | . 4 13 14 14 8 . 7 7 6 5 4 . . . Energy Gun 5 | . 4 13 . . 7 12 15 . . . . . 5 2 Energy Cannon 5 | . 8 14 . 14 3 . . . . . . 1 3 1 Ballistic Gun 1 | . 6 . . . 1 3 . . . . . 1 . 3 Ballistic Cannon 2 | . . . . 14 4 . . . . . . . . . Impact Weapon 1 | . . . 13 . . 1 1 7 6 5 1 . . . Special Melee Weapon 2 | . 7 . 14 . 1 . 1 7 6 5 4 . . . Naked Turns 4 | . . . . . . . . . . . . . . 4 Heaviest Build 131 | 12 94 94 94 98 106 96 98 25 25 25 29 90 131 72 Greatest Support 210 | 40 40 12 12 12 64 36 36 25 25 25 44 210 195 165 Greatest Overweight (x) 8 | 1 7 7 7 8 8 7 4 . . . . 4 3 4 Average Overweight (x) 3 | . 5 7 7 7 5 4 2 . . . . . . . Largest Inventory Capacity 25 | 8 25 25 25 25 25 25 25 25 10 10 10 10 10 10 Average Capacity 20 | 7 22 25 25 25 25 25 24 11 10 10 10 10 10 8 Most Carried 25 | 5 25 25 25 25 25 25 25 19 10 10 10 10 10 10 Average Carried 19 | 2 21 24 24 25 24 24 24 10 9 9 9 9 9 8 Final Capacity 25 | 8 25 25 25 25 25 25 25 10 10 10 10 10 10 10 Final Carried 25 | 5 25 25 25 25 25 25 20 10 10 10 10 10 10 7 Class Distribution -------------------- 43% | Trapper-Mutant 20% | Mutant 17% | Scavenger-Mutant 5% | Scavenger-Tank 5% | Scavenger-Gunner Dominant Class ---------------- Trapper-Mutant | -10/Materials Trapper-Mutant | -10/Mines Trapper-Mutant | -10/Exiles Trapper-Mutant | -9/Mines Trapper-Mutant | -8/Materials Mutant | -8/Garrison Scavenger-Mutant | -8/Materials Scavenger-Scout | -7/Factory Scavenger-Scout | -6/Factory Scout | -5/Factory Infiltrator-Ninja | -4/Factory Scavenger-Mutant | -3/Research Scavenger-Tank | -3/Quarantine Scavenger-Gunner | -2/Research Resources | -11 -10 -10 -10 -9 -8 -8 -8 -7 -6 -5 -4 -3 -3 -2 ----------- Run | Yrd Mat Min Exi Min Mat Gar Mat Fac Fac Fac Fac Res Qua Res Matter Collected 5620 | 283 692 106 . 232 745 130 90 66 23 . 204 488 1136 1425 Remotely . | . . . . . . . . . . . . . . . Salvage Created 12411 | 135 845 817 . 420 1847 431 669 66 23 . 451 811 2870 3026 Parts 507 | 5 48 24 . 20 72 22 36 . . . 20 31 107 122 Haulers Intercepted 8 | . 2 . . . 4 . 1 . . . . . . 1 Recyclers Shooed 17 | . . . . 3 3 . 1 . . . . . 5 5 Parts Field Recycled . | . . . . . . . . . . . . . . . Retrieved Matter . | . . . . . . . . . . . . . . . Parts Self-Destructed . | . . . . . . . . . . . . . . . Prevented . | . . . . . . . . . . . . . . . Kills | -11 -10 -10 -10 -9 -8 -8 -8 -7 -6 -5 -4 -3 -3 -2 ------- Run | Yrd Mat Min Exi Min Mat Gar Mat Fac Fac Fac Fac Res Qua Res Combat Hostiles Destroyed 141 | . 15 3 . 3 20 10 9 . . . 8 9 30 34 Melee 17 | . . . . . . . . . . . 3 1 4 9 Guns 55 | . 7 . . . 10 10 9 . . . . 4 6 9 Cannons 24 | . 6 1 . 3 8 . . . . . . . 4 2 AOE 24 | . 2 2 . . . . . . . . 5 1 4 10 Classes Destroyed 18 | 2 7 . . 2 2 . . . . . 1 1 1 2 Worker 10 | . 1 . . . 1 . . . . . . . 5 3 Builder 19 | . 2 . . . 1 . 1 . . . . . 4 11 Tunneler 6 | 2 . . . 2 . . . . . . 1 . . 1 Hauler 8 | . 2 . . . 4 . 1 . . . . . . 1 Recycler 37 | 1 1 10 . 4 8 . 2 1 . . 2 . 3 5 Operator 2 | . 1 . . . . . . . 1 . . . . . Watcher 17 | . 3 . . . 4 . 3 1 . . 1 1 2 2 Swarmer 31 | . 3 3 . . . 8 3 . . . 5 . . 9 Cutter 3 | . . . . . . . . . . . 3 . . . Grunt 51 | . 12 . . 1 14 . 5 . . . . . 11 8 Brawler 2 | . . . . 1 1 . . . . . . . . . Duelist 2 | . . . . 1 . . . . . . . . . 1 Researcher 1 | . . . . . . . . . . . . . 1 . Sentry 10 | . . . . . 4 . 1 . . . . 3 . 2 Hunter 22 | . . . . . 1 2 . . . . . 4 8 7 Programmer 16 | . . . . . . . . . . . . 2 8 6 Q-Series 1 | . . . . . . . . . . . . . . 1 Lightning 3 | . . . . . . . . . . . . . 3 . Assembled 6 | . . . . . . . . . . . . . . 6 Best Kill Streak 16 | 2 4 3 . 3 4 8 7 1 1 . 6 3 12 16 Combat Bots Only 8 | . 3 3 . 2 4 8 6 . . . 5 3 7 8 Max Kills in Single Turn 6 | 1 2 2 . 1 1 2 1 1 1 . 4 1 2 6 Gunslinging 1 | . . . . . . 1 . . . . . . . . Exploded 3 | . 2 2 . . . . . . . . 3 1 1 2 Melee 1 | . . . . . . . . . . . 1 1 1 1 Uniques/NPCs Destroyed . | . . . . . . . . . . . . . . . Combat | -11 -10 -10 -10 -9 -8 -8 -8 -7 -6 -5 -4 -3 -3 -2 -------- Run | Yrd Mat Min Exi Min Mat Gar Mat Fac Fac Fac Fac Res Qua Res Hostile Shots Fired 1520 | . 48 4 . 9 130 51 43 . . 1 37 234 454 509 Missed 496 | . 12 3 . 4 32 17 6 . . 1 19 70 165 167 Damage Taken 21409 | . 416 35 . 55 1433 334 498 . . . 675 2910 4890 10163 Core 2866 | . 84 . . 10 143 30 100 . . . 242 304 502 1451 Absorbed by Shields 891 | . . . . . . . . . . . . 487 404 . Reduced by Siege Mode 340 | . . . . . . . . . . . . 105 . 235 Redirected to Core 289 | . . . . . . . . . . . . . 289 . Redirected to Shielding 183 | . . . . . . . . . . . 118 . 65 . Ignored by Resistances 566 | . . . . . . . . . . . . . 487 79 Regen/Repaired (Parts) 136 | . 65 . . . 71 . . . . . . . . . Core Remaining (%) 78 | 100 . . . 62 . . 50 100 100 100 78 . 38 . Volleys Fired 685 | 13 85 41 . 31 163 31 42 . . . 2 65 92 120 Largest 4 | 2 2 2 . 2 2 2 2 . . . 1 2 2 4 Hottest 325 | 60 80 105 . 108 121 110 110 . . . 39 250 325 296 Shots Fired 1150 | 26 146 51 . 38 254 62 83 . . . 2 68 130 290 Gun 838 | 26 108 10 . . 159 62 83 . . . . 44 88 258 Cannon 295 | . 37 39 . 38 95 . . . . . . 24 42 20 Launcher 17 | . 1 2 . . . . . . . . 2 . . 12 Special . | . . . . . . . . . . . . . . . Kinetic 439 | 13 67 . . 19 50 17 . . . . . 32 21 220 Thermal 626 | 13 78 39 . 19 204 45 79 . . . . 18 83 48 Explosive 17 | . 1 2 . . . . . . . . 2 . . 12 Electromagnetic 68 | . . 10 . . . . 4 . . . . 18 26 10 Robot Hit Streak 20 | 5 13 5 . 4 12 11 16 . . . . 19 13 20 Robot Miss Streak 6 | 6 5 4 . 5 6 4 4 . . . . 3 6 3 Penetration Max 1 | . . . . . . . . . . . . . . 1 Secondary Targets 3 | . . . . . . 2 . . . . . . . 1 Max Gunslinging Chain 1 | . . . . . . 1 . . . . . . . 1 Shots Hit Robots 851 | 13 99 30 4 17 161 43 54 4 1 . 13 68 112 232 Core Hits 465 | 6 39 14 . 9 65 19 25 . . . 13 28 105 142 Critical Kills 5 | . . . . 1 2 . . . . . . . . 2 Critical Parts Destroyed 1 | . . . . . . . . . . . 1 . . . Critical Strikes 44 | . 1 . . 1 17 3 4 . . . 2 3 4 9 Burn 25 | . 1 . . . 15 3 4 . . . . . 1 1 Meltdown 2 | . . . . . . . . . . . . . . 2 Destroy 3 | . . . . 1 2 . . . . . . . . . Corrupt 1 | . . . . . . . . . . . . 1 . . Smash 1 | . . . . . . . . . . . 1 . . . Sever 3 | . . . . . . . . . . . 1 2 . . Impale 9 | . . . . . . . . . . . . . 3 6 Melee Attacks 201 | . 4 . 4 . 4 4 . 6 17 6 34 28 52 42 Impact 46 | . 1 . . . . 4 . 6 17 6 12 . . . Slashing 50 | . . . . . . . . . . . 22 28 . . Piercing 94 | . . . . . . . . . . . . . 52 42 Sneak Attacks 32 | . 4 . 4 . 3 . . 2 1 . 6 . 6 6 Combat Hostiles . | . . . . . . . . . . . . . . . Follow-up Attacks . | . . . . . . . . . . . . . . . Damage Inflicted 28022 | 116 1312 719 . 337 2772 858 997 256 134 . 1285 2510 5911 10815 Guns 11913 | 116 661 128 . . 1731 858 997 . . . . 943 2017 4462 Cannons 4222 | . 492 403 . 321 1016 . . . . . . 433 992 565 Explosions 6842 | . 93 177 . . . . . . . . 420 283 1764 4105 Melee 4983 | . 66 . . . . . . 256 134 . 865 848 1138 1676 Ramming 62 | . . 11 . 16 25 . . . . . . 3 . 7 Kinetic 6442 | 61 365 . . 113 502 129 . . . . . 779 771 3722 Thermal 11098 | 55 788 440 . 208 2245 729 934 . . . . 590 3284 1825 Explosive 4038 | . 93 140 . . . . . . . . 420 . . 3385 Electromagnetic 1399 | . . 128 . . . . 63 . . . . 290 718 200 Impact 688 | . 66 . . . . . . 256 134 . 232 . . . Slashing 1481 | . . . . . . . . . . . 633 848 . . Piercing 2814 | . . . . . . . . . . . . . 1138 1676 Highest Corruption 19 | . 1 1 1 1 1 1 1 . . . . 14 19 2 Average Corruption 2 | . 1 1 1 1 1 1 1 . . . . 8 12 1 Corruption Purged . | . . . . . . . . . . . . . . . Corruption Blocked 16 | . . . . . . . . . . . . . 15 1 Effects 175 | . 23 10 6 15 2 4 2 . . . . 30 65 18 Message Errors 39 | . 4 2 1 4 . 1 2 . . . . 5 15 5 Matter Fused 46 | . 5 2 2 3 1 2 . . . . . 8 19 4 Heat Flow Errors 20 | . 4 1 . 3 . 1 . . . . . 1 7 3 Energy Discharges 11 | . 4 . 1 2 . . . . . . . 1 3 . Data Loss (minor) 18 | . 5 . 1 1 . . . . . . . 2 9 . Data Loss (major) 10 | . 1 2 1 1 . . . . . . . 3 1 1 Misfires 9 | . . . . . 1 . . . . . . 2 4 2 Alerts 6 | . . 2 . . . . . . . . . . 3 1 Misdirections 1 | . . . . . . . . . . . . . 1 . Weapon Failures 15 | . . 1 . 1 . . . . . . . 8 3 2 Overload Shots . | . . . . . . . . . . . . . . . Overflow Damage 1527 | . 41 30 . 6 23 . . 66 114 . 292 30 396 529 Projectiles 75 | . 15 23 . 6 13 . . . . . . . . 18 Explosions 141 | . . 7 . . . . . . . . 10 . 9 115 Melee 1311 | . 26 . . . 10 . . 66 114 . 282 30 387 396 Knockbacks 3 | . . . . . 2 . . 1 . . . . . . Impact 1 | . . . . . . . . 1 . . . . . . Kinetic 2 | . . . . . 2 . . . . . . . . . Secondary . | . . . . . . . . . . . . . . . Self-Inflicted Damage 542 | . . 29 . . 1 . . . . . . 102 16 394 Shots 26 | . . 2 . . . . . . . . . 8 4 12 Rammed 15 | . 1 5 . 2 5 . . . . . . 2 . . Targets Rammed 19 | . 1 5 . 3 6 . . . . . . 2 . 2 Kicked . | . . . . . . . . . . . . . . . Crushed 4 | . . . . 1 1 . . . . . . . . 2 Highest Temperature 436 | 60 401 262 . 381 291 206 . . . . 63 436 152 396 Average Temperature 86 | 31 79 53 . 112 97 107 . . . . 35 120 58 105 Received Heat Transfer 2193 | . 243 . . 30 612 . 207 . . . 9 314 355 423 Effects 11 | . 1 . . 1 2 . . . . . . 2 . 5 Shutdowns 2 | . 1 . . . . . . . . . . 1 . . Energy Bleed 3 | . . . . . 1 . . . . . . . . 2 Interference 4 | . . . . . 1 . . . . . . . . 3 Short Circuit 2 | . . . . 1 . . . . . . . 1 . . Siege Activations 2 | . . . . . . . . . . . . 1 . 1 Total Turns 79 | . . . . . . . . . . . . 59 . 20 Longest Duration 59 | . . . . . . . . . . . . 59 . 20 Robots Corrupted 5 | . . . . . . . . . . . . 1 3 1 Combat Hostiles 5 | . . . . . . . . . . . . 1 3 1 Parts Fried 23 | . . . . . 1 1 1 2 1 . 3 4 9 1 Impact Corruptions 15 | . 1 . . . 1 . . 4 3 . 6 . . . Robots Melted 20 | . . . . . 2 2 . . . . . 2 9 5 Combat Hostiles 16 | . . . . . 2 . . . . . . 2 9 3 Parts Melted 95 | . 2 . . 2 9 3 5 . . . . 7 39 28 Heat Transferred 35057 | 125 1998 901 . 444 6253 1591 2146 . . . . 2056 13559 5984 Parts Sabotaged . | . . . . . . . . . . . . . . . Parts Stolen . | . . . . . . . . . . . . . . . Parts Stripped . | . . . . . . . . . . . . . . . Power Chain Reactions 1 | . . 1 . . . . . . . . . . . . Alert | -11 -10 -10 -10 -9 -8 -8 -8 -7 -6 -5 -4 -3 -3 -2 ------- Run | Yrd Mat Min Exi Min Mat Gar Mat Fac Fac Fac Fac Res Qua Res Peak Influence 493 | 15 198 122 . 83 178 299 358 191 234 171 414 217 246 493 Initial 162 | . 9 28 . . 31 6 145 162 93 114 91 108 14 125 Average 90 | 6 100 30 . 19 63 125 230 179 155 144 233 114 75 187 Maximum Alert Level 2 | . . . . . . 1 1 . 1 . 2 1 1 2 Low Security (%) 90 | 100 100 100 . 100 100 63 53 100 84 100 37 99 92 59 Level 1 9 | . . . . . . 36 46 . 15 . 59 . 7 38 Level 2 . | . . . . . . . . . . . 2 . . 2 Level 3 . | . . . . . . . . . . . . . . . Level 4 . | . . . . . . . . . . . . . . . Level 5 . | . . . . . . . . . . . . . . . High Security . | . . . . . . . . . . . . . . . Max Security . | . . . . . . . . . . . . . . . Squads Dispatched 39 | . 4 . . . 5 . 5 . 2 . 1 2 8 12 Investigation 6 | . 2 . . . 1 . 1 . . . . 1 1 . Extermination 9 | . . . . . . . . . 1 . . 1 3 4 Reinforcement 13 | . 2 . . . 1 . 1 . 1 . 1 . 3 4 Assault . | . . . . . . . . . . . . . . . Garrison 11 | . . . . . 3 . 3 . . . . . 1 4 Intercept . | . . . . . . . . . . . . . . . Searches Triggered . | . . . . . . . . . . . . . . . Construction Impeded 3 | . . . . . . . . . . . . . 1 2 Haulers Reinforced 1 | . . . . . . . . . . . . . . 1 Active Scanning Responses . | . . . . . . . . . . . . . . . Cargo Convoy Interrupts . | . . . . . . . . . . . . . . . Stealth | -11 -10 -10 -10 -9 -8 -8 -8 -7 -6 -5 -4 -3 -3 -2 --------- Run | Yrd Mat Min Exi Min Mat Gar Mat Fac Fac Fac Fac Res Qua Res Distress Signals 20 | . 1 . . . 8 . 2 . . . 2 1 1 5 Communications Jammed 6 | . . . . . . . . . . . 6 . . . Distress Signals 6 | . . . . . . . . . . . 6 . . . Times Spotted 251 | . 28 4 . 4 43 10 23 . 2 1 16 18 44 58 Peak Tracking Total 12 | . 3 1 . 2 6 4 6 . 2 1 11 6 7 12 Tactical Retreats 14 | . 1 . . . 2 1 4 . . . 2 1 . 3 Traps | -11 -10 -10 -10 -9 -8 -8 -8 -7 -6 -5 -4 -3 -3 -2 ------- Run | Yrd Mat Min Exi Min Mat Gar Mat Fac Fac Fac Fac Res Qua Res Traps Triggered 13 | . 2 . . . 3 1 1 . 2 . . . 2 2 Indirectly . | . . . . . . . . . . . . . . . Trap Hack Attempts 229 | . 177 . . . 52 . . . . . . . . . Triggered 2 | . 2 . . . . . . . . . . . . . Disarmed 2 | . 1 . . . 1 . . . . . . . . . Reprogrammed 17 | . 12 . . . 5 . . . . . . . . . Reused 2 | . . . . . 1 1 . . . . . . . . Traps Extracted 12 | . 12 . . . . . . . . . . . . . Installed 1 | . . . . . . 1 . . . . . . . . Triggered 4 | . . . . . 2 1 . . . . . 1 . . Most Traps Carried 12 | . 12 12 12 11 11 3 2 2 . . . . . . Machines | -11 -10 -10 -10 -9 -8 -8 -8 -7 -6 -5 -4 -3 -3 -2 ---------- Run | Yrd Mat Min Exi Min Mat Gar Mat Fac Fac Fac Fac Res Qua Res Machines Disabled 3 | . . . . . 1 . . . . . . . 2 . Max in Single Turn 1 | . . . . . 1 . . . . . . . 1 . Garrison Access 2 | . . . . . . . . . . . 1 1 . . Machines Repaired . | . . . . . . . . . . . . . . . Machines Dismantled 2 | . . . . . . . . . . 2 . . . . Machines Sabotaged . | . . . . . . . . . . . . . . . Overloaded Fab Kills . | . . . . . . . . . . . . . . . Hacking | -11 -10 -10 -10 -9 -8 -8 -8 -7 -6 -5 -4 -3 -3 -2 --------- Run | Yrd Mat Min Exi Min Mat Gar Mat Fac Fac Fac Fac Res Qua Res Machines Accessed 44 | . 9 . 2 . 12 . 3 . 5 3 2 4 3 1 Terminals 30 | . 6 . . . 8 . 2 . 4 3 1 3 2 1 Fabricators . | . . . . . . . . . . . . . . . Repair Stations 2 | . 1 . . . 1 . . . . . . . . . Recycling Units 4 | . 2 . . . 1 . 1 . . . . . . . Scanalyzers 2 | . . . . . 1 . . . 1 . . . . . Garrison Access 4 | . . . . . 1 . . . . . 1 1 1 . Total Hacks 102 | . 23 . 2 . 34 . 5 . 16 6 4 5 5 2 Successful 53 | . 11 . 2 . 21 . 3 . 8 1 1 2 3 1 Failed 49 | . 12 . . . 13 . 2 . 8 5 3 3 2 1 Catastrophic 9 | . 2 . . . 3 . . . 2 . 1 1 . . Database Lockouts . | . . . . . . . . . . . . . . . Manual 45 | . 11 . 1 . 13 . 4 . 9 2 3 1 1 . Terminals 65 | . 13 . . . 18 . 3 . 12 6 3 4 4 2 Fabricators . | . . . . . . . . . . . . . . . Repair Stations 11 | . 4 . . . 7 . . . . . . . . . Recycling Units 11 | . 6 . . . 3 . 2 . . . . . . . Scanalyzers 8 | . . . . . 4 . . . 4 . . . . . Garrison Access 5 | . . . . . 2 . . . . . 1 1 1 . Terminal Hacks 20 | . 5 . 2 . 6 . 1 . 2 . . . 3 1 Record 4 | . . . 1 . . . . . 1 . . . 1 1 Part Schematic 3 | . 2 . . . . . . . 1 . . . . . Robot Analysis 1 | . 1 . . . . . . . . . . . . . Branch Access Points 1 | . . . . . 1 . . . . . . . . . Terminal Index 1 | . . . . . . . . . . . . . 1 . Alert Level 1 | . 1 . . . . . . . . . . . . . Unreport Threat 3 | . . . . . 3 . . . . . . . . . Locate Traps 1 | . 1 . . . . . . . . . . . . . Hauler Manifests 2 | . . . . . 2 . . . . . . . . . Zone Layout 2 | . . . . . . . 1 . . . . . 1 . Derelict Proto ID Bank 1 | . . . 1 . . . . . . . . . . . Fabricator Hacks . | . . . . . . . . . . . . . . . Repair Station Hacks 7 | . 2 . . . 5 . . . . . . . . . Scan Component 4 | . 1 . . . 3 . . . . . . . . . Repair 3 | . 1 . . . 2 . . . . . . . . . Recycling Unit Hacks 3 | . 2 . . . 1 . . . . . . . . . Retrieve Components 3 | . 2 . . . 1 . . . . . . . . . Scanalyzer 7 | . . . . . 3 . . . 4 . . . . . Insert Component 4 | . . . . . 2 . . . 2 . . . . . Analyze 3 | . . . . . 1 . . . 2 . . . . . Garrison Access Hacks 3 | . . . . . 1 . . . . . 1 1 . . Unlock Access 1 | . . . . . 1 . . . . . . . . . Seal Access 2 | . . . . . . . . . . . 1 1 . . Unauthorized Hacks 13 | . 2 . . . 5 . 2 . 2 1 . 1 . . Terminals 7 | . . . . . 3 . . . 2 1 . 1 . . Assimilate 2 | . . . . . 1 . . . . . . 1 . . Botnet 5 | . . . . . 2 . . . 2 1 . . . . Fabricators . | . . . . . . . . . . . . . . . Repair Stations . | . . . . . . . . . . . . . . . Recycling Units 6 | . 2 . . . 2 . 2 . . . . . . . Reject 2 | . . . . . 1 . 1 . . . . . . . Mask 2 | . . . . . 1 . 1 . . . . . . . Tunnel 2 | . 2 . . . . . . . . . . . . . Scanalyzers . | . . . . . . . . . . . . . . . Garrison Access . | . . . . . . . . . . . . . . . Data Cores Recovered . | . . . . . . . . . . . . . . . Used . | . . . . . . . . . . . . . . . Hacking Detections 34 | . 7 . . . 10 . 3 . 5 3 1 2 2 1 Full Trace Events 1 | . . . . . . . . . . . . 1 . . Feedback Events . | . . . . . . . . . . . . . . . Feedback Blocked . | . . . . . . . . . . . . . . . Robot Schematics Acquired . | . . . . . . . . . . . . . . . Robots Built . | . . . . . . . . . . . . . . . Authchips . | . . . . . . . . . . . . . . . Time . | . . . . . . . . . . . . . . . Total Robot Build Rating . | . . . . . . . . . . . . . . . Part Schematics Acquired 8 | . 2 . . . 1 . . . 3 . . . 2 . Parts Built . | . . . . . . . . . . . . . . . Authchips . | . . . . . . . . . . . . . . . Time . | . . . . . . . . . . . . . . . Total Part Build Rating . | . . . . . . . . . . . . . . . Parts Repaired 3 | . 1 . . . 2 . . . . . . . . . Time 84 | . 26 . . . 58 . . . . . . . . . Parts Recycled . | . . . . . . . . . . . . . . . Recycled Matter . | . . . . . . . . . . . . . . . Retrieved Matter . | . . . . . . . . . . . . . . . Retrieved Components 5 | . 4 . . . 1 . . . . . . . . . Parts Scanalyzed 3 | . . . . . 1 . . . 2 . . . . . Part Schematics Acquired 3 | . . . . . 1 . . . 2 . . . . . Parts Damaged . | . . . . . . . . . . . . . . . Bothacking | -11 -10 -10 -10 -9 -8 -8 -8 -7 -6 -5 -4 -3 -3 -2 ------------ Run | Yrd Mat Min Exi Min Mat Gar Mat Fac Fac Fac Fac Res Qua Res Used RIF Installer 1 | . . . . . . 1 . . . . . . . . Robots Hacked 9 | . 2 . 4 . 3 . . . . . . . . . Non-combat 8 | . 2 . 3 . 3 . . . . . . . . . Combat 1 | . . . 1 . . . . . . . . . . . Robot Hacks Applied 11 | . 3 . 4 . 4 . . . . . . . . . parse_system 10 | . 3 . 4 . 3 . . . . . . . . . find_recycling 1 | . . . . . 1 . . . . . . . . . Relay Couplers Released 2 | . . . . . . . . . . . 1 1 . . Machine Destruction 2 | . . . . . . . . . . . 1 1 . . Attached 2 | . . . . . . . . . . . . 2 . . Fabnet Peak Effective % . | . . . . . . . . . . . . . . . Robots Rewired . | . . . . . . . . . . . . . . . Allies Hacked . | . . . . . . . . . . . . . . . Hacks Repelled . | . . . . . . . . . . . . . . . Allies | -11 -10 -10 -10 -9 -8 -8 -8 -7 -6 -5 -4 -3 -3 -2 -------- Run | Yrd Mat Min Exi Min Mat Gar Mat Fac Fac Fac Fac Res Qua Res Total Allies 26 | . . 3 . . . . . . . . . 1 . 22 Largest Group 16 | . . 3 2 2 . . . . . . . 1 . 16 Highest-Rated Group 223 | . . 40 32 32 . . . . . . . 26 . 223 Highest-Rated Ally 26 | . . 16 16 16 . . . . . . . 26 . 15 Total Orders . | . . . . . . . . . . . . . . . Ally Attacks 148 | . . 28 . 18 . . . . . . . . . 102 Total Damage 1882 | . . 225 . 178 . . . . . . . . . 1479 Kills 13 | . . 5 . 1 . . . . . . . . . 7 Allies Corrupted . | . . . . . . . . . . . . . . . Allies Melted . | . . . . . . . . . . . . . . . Intel | -11 -10 -10 -10 -9 -8 -8 -8 -7 -6 -5 -4 -3 -3 -2 ------- Run | Yrd Mat Min Exi Min Mat Gar Mat Fac Fac Fac Fac Res Qua Res Robot Analysis Total 1 | . 1 . . . . . . . . . . . . . Derelict Logs Recovered 2 | . . 1 . 1 . . . . . . . . . . Drone Launches . | . . . . . . . . . . . . . . . Drone Recoveries . | . . . . . . . . . . . . . . . Exploration | -11 -10 -10 -10 -9 -8 -8 -8 -7 -6 -5 -4 -3 -3 -2 ------------- Run | Yrd Mat Min Exi Min Mat Gar Mat Fac Fac Fac Fac Res Qua Res Turns Passed 18403 | 118 2557 1882 826 1977 4414 829 662 96 290 203 406 865 1772 1506 Spaces Moved 9503 | 45 979 858 415 867 1585 413 284 226 631 363 663 395 949 830 Core 206 | 6 . . . . . . . . . . . 1 . 199 Treads 1287 | 39 246 . . . 409 . . . . . . 266 190 137 Legs 1230 | . . . . . . . . . . . . 1 759 470 Wheels 4750 | . 733 858 415 867 1176 413 266 . . . . . . 22 Hover 2 | . . . . . . . . . . . . . . 2 Flight 2028 | . . . . . . . 18 226 631 363 663 127 . . Fastest Speed 11 | 50 160 195 195 195 195 120 92 23 23 23 11 24 100 50 Average Speed 145 | 146 198 195 195 209 208 162 128 23 23 23 22 125 128 117 Slowest Speed 375 | 160 320 195 195 210 230 195 290 23 23 23 24 250 330 375 Overloaded Moves 16 | . . . . . . . 3 . . . 13 . . . Propulsion Burnouts . | . . . . . . . . . . . . . . . Robots Hopped 4 | . . . . . . . . . . . 3 1 . . Cave-ins Triggered . | . . . . . . . . . . . . . . . Exploration Rate (%) 42 | 4 98 98 70 101 72 38 21 5 18 7 17 12 63 17 Regions Visited 14 Branch Regions 4 Pre-discovered Areas 4 | . 2 1 1 . . . . . . . . . . . Known Exits Taken 5 | . . . . . 1 . 1 1 1 1 . . . . Unknown Exits Taken 8 | 1 1 1 1 1 . . . . . . 1 1 1 . Scrap Searched 5 | . . 2 . 3 . . . . . . . . . . Spaces Dug 70 | . . 12 . . 8 3 . 2 15 6 15 2 4 3 Terrain Destroyed 275 | . 9 12 . 12 18 3 . 2 15 6 31 2 13 152 Melee 47 | . . . . . . 3 . 2 15 6 15 2 4 . Projectile 37 | . . . . 12 18 . . . . . . . 4 3 AOE 191 | . 9 12 . . . . . . . . 16 . 5 149 Terrain Rammed . | . . . . . . . . . . . . . . . Walls Destroyed . | . . . . . . . . . . . . . . . Machines Disabled . | . . . . . . . . . . . . . . . Actions | -11 -10 -10 -10 -9 -8 -8 -8 -7 -6 -5 -4 -3 -3 -2 --------- Run | Yrd Mat Min Exi Min Mat Gar Mat Fac Fac Fac Fac Res Qua Res Total 12785 | 70 1442 996 433 976 2454 508 504 259 745 446 860 640 1287 1165 Wait 1449 | . 111 77 . 69 516 46 132 11 49 60 145 107 75 51 Move 9480 | 44 978 857 414 866 1584 411 283 225 630 362 656 392 948 830 Hop 4 | . . . . . . . . . . . 3 1 . . Pick Up 116 | 5 29 3 4 1 28 . 15 4 4 2 5 2 2 12 Fast Attach 157 | 7 4 1 . . 16 2 2 . . 1 3 25 45 51 Attach 43 | . . 1 . . 5 1 1 2 2 1 1 6 11 12 Detach 31 | . 1 . . . 3 1 . . . . . 7 13 6 Swap 122 | 1 38 6 3 3 28 2 13 6 1 . 3 . 15 3 Drop 158 | . 14 5 8 3 49 1 16 5 3 1 8 5 34 6 Fire 685 | 13 85 41 . 31 163 31 42 . . . 2 65 92 120 Melee 201 | . 4 . 4 . 4 4 . 6 17 6 34 28 52 42 Ram 2 | . . . . . 2 . . . . . . . . . Kick . | . . . . . . . . . . . . . . . Crush 17 | . 1 5 . 3 4 . . . . . . 2 . 2 Escape Stasis 74 | . . . . . . 8 . . 36 . . . . 30 Rewire . | . . . . . . . . . . . . . . . Trap 230 | . 177 . . . 52 1 . . . . . . . . Miscellaneous 16 | . . . . . . . . . 3 13 . . . . Route ------- -11/Scrapyard -10/Materials (discovered 5 exits: [*Mat x3] / [*Min x2]) -10/Mines (discovered 3 exits: [*Mat x2] / *Exi) -10/Exiles -9/Mines (discovered 2 exits: *Mat x2) -8/Materials (discovered 2 exits: *Fac / Gar) -8/Garrison -8/Materials -7/Factory -6/Factory -5/Factory -4/Factory -3/Research -3/Quarantine -2/Research History --------- Turn | Location | Event 7 | -11/Scrapyard | Discovered new exit (range 15) 119 | -11/Scrapyard | Entered Materials 181 | -10/Materials | Discovered new exit (range 8) 300 | -10/Materials | Build established: Mutant 372 | -10/Materials | Discovered new exit (range 8) 987 | -10/Materials | Discovered new exit (range 16) 1042 | -10/Materials | Repaired Lgt. Armor Plating 1643 | -10/Materials | Build established: Trapper-Mutant 1690 | -10/Materials | Discovered new exit (range 3) 1970 | -10/Materials | Discovered new exit (range 4) 2676 | -10/Materials | Entered Mines 2676 | -10/Mines | Discovered new exit (range 6) 2776 | -10/Mines | Deemed a non-threat by the Exiles lab entrance 2832 | -10/Mines | Assisted by bots powering up and referring to "LRC-V3" 2852 | -10/Mines | A weapon hastily lodged in a ceiling crevice suddenly fell to the ground 2853 | -10/Mines | Assembled infested the area 3337 | -10/Mines | Learned location of Storage (-9) 3397 | -10/Mines | Discovered new exit (range 9) 3972 | -10/Mines | Discovered new exit (range 10) 4558 | -10/Mines | Entered Exiles 4558 | -10/Exiles | Accompanied by 2 allies 4603 | -10/Exiles | Met 8R-AWN 4638 | -10/Exiles | Met EX-HEX 4732 | -10/Exiles | Met EX-DEC 4763 | -10/Exiles | Learned location of Zion (-7) 4892 | -10/Exiles | Met EX-BIN 4919 | -10/Exiles | Aligned with FarCom system 4921 | -10/Exiles | Given EX-Vault access code 4968 | -10/Exiles | Opened EX-Vault 4989 | -10/Exiles | Found XL Autogun Array 4993 | -10/Exiles | Found Firepult 5038 | -10/Exiles | Warned to stay clear of 0b10 Research branches 5364 | -10/Exiles | Discovered new exit (range 10) 5384 | -10/Exiles | Stole two prototypes: Firepult, XL Autogun Array 5384 | -10/Exiles | Entered Mines 5384 | -9/Mines | Accompanied by 2 allies 5413 | -9/Mines | Discovered new exit (range 4) 5573 | -9/Mines | Learned location of 1 exit from Materials 6527 | -9/Mines | Discovered new exit (range 11) 7361 | -9/Mines | Entered Materials 7361 | -8/Materials | Evolved 4 slots: Propulsion x2, Utility x2 7362 | -8/Materials | Identified exit to Factory 7438 | -8/Materials | Identified exit to Garrison 8561 | -8/Materials | Repaired Lgt. Armor Plating 8594 | -8/Materials | Repaired Cooling System 8868 | -8/Materials | Build established: Scavenger-Mutant 9909 | -8/Materials | Build established: Trapper-Mutant 11225 | -8/Materials | Build established: Mutant 11775 | -8/Materials | Entered Garrison 12117 | -8/Garrison | Triggered checkpoint 12305 | -8/Garrison | Triggered checkpoint 12338 | -8/Garrison | Destroyed 8 combat bots 12436 | -8/Garrison | Installed Relay Interface Framework 12488 | -8/Garrison | Discovered new exit (range 11) 12604 | -8/Garrison | Entered Materials 13005 | -8/Materials | Build established: Scavenger-Mutant 13058 | -8/Materials | Garrison activated, responded to threat 13118 | -8/Materials | Discovered exit to Factory (range 11) 13266 | -8/Materials | Entered Factory 13266 | -7/Factory | Evolved 2 slots: Propulsion x1, Utility x1 13268 | -7/Factory | FarCom data flow suspended 13337 | -7/Factory | Discovered new exit (range 11) 13339 | -7/Factory | Identified exit to Factory 13362 | -7/Factory | Entered another Factory area 13362 | -6/Factory | Evolved 2 slots: Propulsion x1, Weapon x1 13555 | -6/Factory | Build established: Scavenger-Scout 13651 | -6/Factory | Discovered new exit (range 4) 13652 | -6/Factory | Identified exit to Factory 13652 | -6/Factory | Entered another Factory area 13652 | -5/Factory | Evolved 2 slots: Utility x2 13771 | -5/Factory | Discovered new exit (range 13) 13855 | -5/Factory | Identified exit to Factory 13855 | -5/Factory | Entered another Factory area 13855 | -4/Factory | Evolved 2 slots: Propulsion x1, Utility x1 13859 | -4/Factory | Build established: Scout 14205 | -4/Factory | Build established: Infiltrator-Ninja 14257 | -4/Factory | Discovered new exit (range 5) 14261 | -4/Factory | Entered Research 14261 | -3/Research | Evolved 2 slots: Power x1, Weapon x1 14286 | -3/Research | Lost 6 parts (1p4u1w) 14430 | -3/Research | Lost 6 parts (4n2u) 14431 | -3/Research | Found Enh. Force Lance 14529 | -3/Research | Spotted B-86 Titan 14562 | -3/Research | Build established: Mutant 14653 | -3/Research | Lost 6 parts (1p2n3w) 14887 | -3/Research | System corruption reached 10% 15099 | -3/Research | Discovered new exit (range 16) 15126 | -3/Research | Entered Quarantine 15231 | -3/Quarantine | Build established: Scavenger-Mutant 15252 | -3/Quarantine | Found Alien Artifact 15252 | -3/Quarantine | Identified Phase Armor 15491 | -3/Quarantine | Core integrity fell below 50% 15540 | -3/Quarantine | Lost 4 parts (2p2n) 15695 | -3/Quarantine | Build established: Scavenger-Tank 15781 | -3/Quarantine | Found Prototype Device 15781 | -3/Quarantine | Identified Exp. Thermal Shield 15999 | -3/Quarantine | Found Alien Artifact 15999 | -3/Quarantine | Identified Core Reset Matrix 15999 | -3/Quarantine | Used Core Reset Matrix 16003 | -3/Quarantine | Detected hypermatrix surge 16003 | -3/Quarantine | Sensed 6 artifacts in vicinity 16211 | -3/Quarantine | Met incapacitated Sigix Warrior 16211 | -3/Quarantine | Lockdown squad dispatched 16228 | -3/Quarantine | Acquired the access code to the Sigix quarantine chamber 16230 | -3/Quarantine | Unlocked Sigix quarantine chamber 16280 | -3/Quarantine | Spotted Lightning 16280 | -3/Quarantine | Spotted Lightning 16281 | -3/Quarantine | Spotted Lightning 16296 | -3/Quarantine | Destroyed Lightning 16308 | -3/Quarantine | Destroyed Lightning 16310 | -3/Quarantine | Destroyed Lightning 16314 | -3/Quarantine | Found Prototype Processor 16314 | -3/Quarantine | Identified Exp. Targeting Computer 16339 | -3/Quarantine | Lost 6 parts (3n3u) 16674 | -3/Quarantine | Destroyed 7 combat bots 16765 | -3/Quarantine | Lost 7 parts (3n3u1w) 16833 | -3/Quarantine | Discovered new exit (range 6) 16850 | -3/Quarantine | Scanned by Researcher 16881 | -3/Quarantine | Garrison activated, responded to threat 16898 | -3/Quarantine | Entered Research 16898 | -2/Research | Evolved 2 slots: Utility x2 17017 | -2/Research | Lost 8 parts (2p2n3u1w) 17062 | -2/Research | Lost 3 parts (1n1u1w) 17271 | -2/Research | Spotted B-90 Cyclops 17288 | -2/Research | Build established: Scavenger-Mutant 17357 | -2/Research | Lost 9 parts (1p3n4u1w) 17423 | -2/Research | Lost 11 parts (1p3n6u1w) 17428 | -2/Research | Destroyed 8 combat bots 17702 | -2/Research | Core integrity fell below 50% 17867 | -2/Research | Emitted hypermatrix ping 17872 | -2/Research | Assembled emerged from beneath the floor 17897 | -2/Research | Lost 13 parts (1p5n3u4w) 17979 | -2/Research | Assembled emerged from beneath the floor 17999 | -2/Research | Garrison activated, responded to threat 18056 | -2/Research | Lost 16 allies 18197 | -2/Research | Build established: Scavenger-Gunner 18318 | -2/Research | Assembled emerged from beneath the floor 18357 | -2/Research | Garrison activated, responded to threat 18363 | -2/Research | Core integrity fell below 20% 18364 | -2/Research | Lost 3 allies 18391 | -2/Research | Destroyed 7 combat bots 18404 | -2/Research | Destroyed by H-88 Terminator with Heavy Machine Gun Last Messages --------------- 18386_ K-01 Serf destroyed. 18386_ U-05 Engineer lays Concrete. 18387_ Slug penetrates Wall. 18388_ R-10 Processor collects Unknown Engine. 18388_ Slug penetrates Wall. 18391_ U-05 Engineer builds a Wall. 18391_ U-05 Engineer lays Concrete. 18395_ U-05 Engineer builds a Door. 18395_ Penetrated by Slug. 18395_ Centrium Leg destroyed. 18395_ Penetrated by Slug. 18398_ ALERT: Rogue bot located, Q-Series report to Research Zone 1A. 18400_ Slug penetrates Door. 18400_ Penetrated by Slug. 18403_ Slug penetrates Wall. 18403_ Penetrated by Slug. 18403_ Biometal Medium Treads destroyed. 18403_ Penetrated by Slug. 18404_ Slug penetrates Wall. Map ----- +----------------------------------------------------+ | ????????# # """"" #??##??????? | | ????#???? ??# = #?## ####??? | | ??????????? ??? #! ! ### ## #### | | #############+###############+################ | | + # # | | ###### # # # | | ?????# % # """"" # # | | ?????# % # "" "" # # | | ?? ??# ################# # " ## # | | ?? # #???????????????# # #### | | ? #????????#??????# # = = #### | | "" #????########??## #######+########### | | " #?? ???# = %= | | " # # ???# !== | | # ??## ################# | | % # ???# # # # # ######### | | # # #?## %# # #### # " | | # # ! #??# |# # # ### " | | | # ##?# ###### ## ###? " | | *%! #?* #??# ##???#######?#? | | % * = #??? #?## #????#???????#? | | #????? #??# ##??????????#?? | | #?????? #??# #???#????????#? | | #?????? ?? #?## u#??#????????### | | ^ #####"######+#### #?????#?????????### | | # hgY @ #???#????????#????? | | + hY ##????????????????? | | # h ^ #????????????#????? | | # *%= uA m ^ #?????#???????????? | | ########+############# #?????????????????? | | #??????? ??????????# #?????????????????? | | ######??????? ????????# #?#???????????????? | | ?????????????? #???????+ #?????????????????? | | ?????????????? #???????# #?????????????????? | | ?????????????? #???????# #?????????????????? | | ??????????????? #???????? k#?????????????????? | | ???????????????[[[#?????????? #?????????????????? | | ????????????????[[#??????????? #?????????????????? | | ????????????????[ #??????????? #?????????????????? | | ?????????????????????????????????????????????????? | | ?????????????????????????????????????????????????? | | ?????????????????????????????????????????????????? | | ?????????????????????????????????????????????????? | | ?????????????????????????????????????????????????? | | ?????????????????????????????????????????????????? | | ?????????????????????????????????????????????????? | | ?????????????????????????????????????????????????? | | ?????????????????????????????????????????????????? | | ?????????????????????????????????????????????????? | | ?????????????????????????????????????????????????? | +----------------------------------------------------+ Best States ------------- Heat Dissipation 132 Coolant Potential 120 Energy Generation 57 Energy Capacity 490 Matter Stores 300 Matter Capacity 300 Sight Range 16 Robot Scan Range 16 Terrain Scan Range 16 Terrain Scan Density 10 Jamming Range 14 Power Amplification 30 Additional Mass Support 20 Corruption Block 75 Armor Coverage 1200 Resistance: KI 30 Resistance: TH 30 Resistance: EX 50 Utility Shielding 66 Weapon Shielding 66 Melee Speed Boost 50 Phase Shifting 15 Evasion (%) 66 Targeting Accuracy 12 Target Analysis 8 Recoil Reduction 6 Particle Charging 25 Defensive Hacking 12 Relay Coupler Types 2 Relay Coupler Value 32 Trap Extractor Capacity 4 Item Schematics ----------------- Adv. Variable Charge Gun | -3/Quarantine | Archive Exp. Matter Compressor | -3/Quarantine | Archive Robot Schematics ------------------ None Fabricated ------------ Nothing Alien Tech Used ----------------- Phase Armor Core Reset Matrix Achievements -------------- None Challenges ------------ None Game ------ Seed AuthchipPiercingAutohacker Manual? 0 Play Time 03:03:15 Cumulative 145.5 hours Start 2024.05.14 @ 23:32:50 End 2024.05.16 @ 00:19:53 Sessions 3 Manual Loads 0 Difficulty Rogue Special Mode None Game No. 82 Rogue 82 Adventurer 0 Explorer 0 Win Type - Total 5 Types 3/0/1/1/0/0/0/0/0 Lore% 60 Gallery% 79 Achievement% 56 Wizard Run 0 Options --------- Layout 2 ASCII 0 Keyboard 1 Movement Numpad Keybinds 0 Fullscreen 2 Font 32/Tamsyn Map View 50x44 Zoom Use 0% Tactical HUD 1 Map Filters NONE Filters NONE Steam 1 RUN: d16a7fde-169e-4b08-98ba-841d2a84686c